 Dungeon Crawl Stone Soup version 0.20-a0-550-gf70bbbc (webtiles) character file.

164381 ololoev the Fencer (level 17, -2/135 HPs)
             Began as a Mummy Fire Elementalist on Feb 1, 2017.
             Was an Initiate of Gozag.
             Slain by a redback (5 damage)
             ... on level 3 of the Spider Nest on Feb 2, 2017.
             The game lasted 02:26:58 (54746 turns).

ololoev the Fencer (Mummy Fire Elementalist)       Turns: 54746, Time: 02:26:59

Health: -2/135     AC:  8    Str: 17    XL:     17   Next: 25%
Magic:  21/21      EV: 10    Int: 15    God:    Gozag
Gold:   815        SH:  0    Dex: 21    Spells: 19/21 levels left

rFire    + + .     SeeInvis +   b - +6 triple sword (drain)
rCold    + + +     Gourm    .   C - +3 chain mail {MR+}
rNeg     + + +     Faith    .   (shield currently unavailable)
rPois    ∞         Spirit   .   w - +0 hat "Cukkez Lit" {rF+ rC++}
rElec    +         Reflect  .   n - +2 cloak {MR+}
rCorr    .         Harm     .   q - +1 pair of gloves {Dex+3}
MR       ++++.                  o - +2 pair of boots {Fly}
Stlth    ..........             g - amulet of the Air {Inacc +Fly rElec EV+5 RMsl}
Regen    0.4/turn               m - ring of the Exiled Songs {+Blink Dex+5 SInv}
                                v - ring "Empesa" {+Fly rF++ rN+}

@: corroded, flying, held, repel missiles
A: no food or potions, fire vulnerability, cold resistance 1, negative energy
resistance 3, torment resistance, unbreathing, in touch with death 1
a: Potion Petition, Call Merchant, Bribe Branch, Renounce Religion, Evoke Blink,
Stop Flying


Innate Abilities, Weirdness & Mutations

You do not eat or drink.
Your flesh is vulnerable to fire.
You are immune to poison.
Your flesh is cold resistant. (rC+)
You are immune to negative energy. (rN+++)
You are immune to unholy pain and torment.
You can survive without breathing.
You are in touch with the powers of death.

Inventory:

Hand Weapons
 a - a +2 scimitar of flaming
 b - a +6 triple sword of draining (weapon)
Armour
 n - a +2 cloak of magic resistance (worn)
 o - a +2 pair of boots of flying (worn)
 q - a +1 pair of gloves of dexterity (worn)
 w - the +0 hat "Cukkez Lit" (worn) {rF+ rC++}
   (You acquired it on level 2 of the Lair of Beasts)

   It protects you from fire.
   It greatly protects you from cold.
 C - a +3 chain mail of magic resistance (worn)
Jewellery
 g - the amulet of the Air (around neck) {Inacc +Fly rElec EV+5 RMsl}
   (You bought it in a shop on level 2 of the Orcish Mines)

   [amulet of inaccuracy]

   It reduces the accuracy of all your attacks.
   It affects your evasion (+5).
   It insulates you from electricity.
   It lets you fly.
   It protects you from missiles.
 m - the ring of the Exiled Songs (right hand) {+Blink Dex+5 SInv}
   (You bought it in a shop on level 11 of the Dungeon)

   [ring of dexterity]

   It affects your dexterity (+5).
   It lets you see invisible.
   It lets you blink.
 v - the ring "Empesa" (left hand) {+Fly rF++ rN+}
   (You bought it in a shop on level 11 of the Dungeon)

   [ring of flight]

   It greatly protects you from fire.
   It protects you from negative energy.
   It lets you fly.
Wands
 h - a wand of digging (7/24)
 s - a wand of clouds (0/9)
Scrolls
 c - 3 scrolls of immolation
 d - 2 scrolls of blinking
 e - 3 scrolls of magic mapping
 f - 3 scrolls of fog
 i - 10 scrolls of teleportation
 k - 5 scrolls of identify
 l - 2 scrolls of fear
 p - 2 scrolls of recharging
 r - 14 scrolls of remove curse
 y - a scroll of summoning
 A - a scroll of silence
Books
 t - Daomow's Reference Book on Feathery Stones
   (You found it on level 4 of the Lair of Beasts)

   Spells                             Type                      Level
   a - Sandblast                      Earth                        1
   b - Repel Missiles                 Charms/Air                   2
   c - Passwall                       Transmutation/Earth          2
   d - Stone Arrow                    Conjuration/Earth            3
   e - Iron Shot                      Conjuration/Earth            6
   f - Statue Form                    Transmutation/Earth          6
Miscellaneous
 u - a lamp of fire (inert)


   Skills:
 - Level 12.5 Fighting
 + Level 18.5 Long Blades
 - Level 10.8 Armour
 - Level 10.7 Dodging
 - Level 1.5 Stealth
 - Level 2.7 Spellcasting
   Level 0.8 Conjurations
   Level 2.4 Fire Magic


You had 19 spell levels left.
You knew the following spells:

 Your Spells              Type           Power        Failure   Level  Hunger
a - Repel Missiles        Chrm/Air       #.....       100%        2    N/A


You were on level 3 of the Spider Nest.
You worshipped Gozag.
Gozag was pleased with you.
You were not hungry.

You visited 4 branches of the dungeon, and saw 26 of its levels.
You also visited: Labyrinth, Ossuary and Ice Cave.

You collected 12424 gold pieces.
You spent 3247 gold pieces at shops.
You paid 8362 gold pieces to Gozag.

#..##.# ##s.#..###..####
..##..# #..s#..#.....#
......# ##.s#..#..#####.
##[.#####....s...##.^..
###...#.###..ss.## ...
#.##....#.####a..#..##
.^##.......#.^..##...#
#....^#....##..##s..#
##^..##^####...#@s§.#
.#.#..###..###.as#......
.###..#.#..#.#..## #..##
##.#^.#^...#.....### .#
......#....#...#...##
........#####..##...#
..#.##..#.#.##..#..##
#.####......#..##..^#
### #......##.?.#..##

Notes
Turn   | Place    | Note
-------+----------+-------------------------------------------
     0 | D:1      | ololoev the Mummy Fire Elementalist began the quest for the Orb.
     0 | D:1      | Reached XP level 1. HP: 13/13 MP: 4/4
   195 | D:1      | Reached skill level 1 in Fighting
   195 | D:1      | Reached XP level 2. HP: 14/21 MP: 3/5
   394 | D:1      | DEFE: 88!
   394 | D:1      | DEFE: rF- что ли?
   394 | D:1      | ololoev: ne nashel ni odnogo rF+ za 2 runi
   680 | D:2      | Reached skill level 1 in Armour
   708 | D:2      | Iwannabefree: норм тебя ПОДЖАРИЛО
   709 | D:2      | Reached XP level 3. HP: 15/26 MP: 7/7
   742 | D:2      | Found a shattered altar of Ashenzari.
   903 | D:2      | ololoev: s rF- eto bilo ojidaemo
   928 | D:2      | Found an ancient bone altar of Kikubaaqudgha.
   963 | D:2      | ololoev: v longi chtoli poiti
  1596 | D:2      | Reached XP level 4. HP: 33/33 MP: 8/8
  1818 | D:3      | Reached skill level 1 in Long Blades
  1829 | D:3      | Noticed Azzok's ghost (amateur MiBe)
  2053 | D:3      | Noticed Jessica
  2072 | D:3      | Killed Jessica
  2163 | D:3      | Found an opulent altar of Gozag.
  2174 | D:3      | Became a worshipper of Gozag Ym Sagoz the Greedy
  2356 | D:4      | Reached XP level 5. HP: 30/38 MP: 9/9
  2571 | D:4      | Found a runed door.
  2571 | D:4      | Noticed Crazy Yiuf
  2574 | D:4      | ololoev: lol
  2586 | D:4      | Killed Crazy Yiuf
  2586 | D:4      | Reached skill level 2 in Long Blades
  2742 | D:4      | Noticed Menkaure
  3119 | D:3      | Iwannabefree: чей гост то
  3122 | D:2      | ololoev: azzok
  3122 | D:2      | Iwannabefree: !lg azzok * d:3
  3122 | D:2      | beem: 141. Azzok the Chopper (L5 MiBe of Trog), slain by an adder on D:3 on 2017-02-01 10:44:12, with 191 points after 2230 turns and 0:03:53.
  3122 | D:2      | ololoev: !lg azzok place=d:3 -log
  3122 | D:2      | Iwannabefree: ya imeiu vvidu kombu
  3122 | D:2      | beem: 141. Azzok, XL5 MiBe, T:2230: http://crawl.xtahua.com/crawl/morgue/Azzok/morgue-Azzok-20170201-104412.txt
  3122 | D:2      | Iwannabefree: минотабер
  3122 | D:2      | Iwannabefree: аддер на д3
  3122 | D:2      | Iwannabefree: классика
  3275 | D:4      | Reached XP level 6. HP: 44/46 MP: 10/10
  3300 | D:4      | Found a glowing golden altar of the Shining One.
  3321 | D:4      | Noticed Edmund
  3350 | D:3      | DEFE: Все же АК говно
  3357 | D:3      | DEFE: особенно в ирли
  3357 | D:3      | ololoev: bez banana AK kak bez boga
  3414 | D:3      | DEFE: да не бан норм
  3506 | D:3      | DEFE: но все не щабанишь
  3615 | D:4      | DEFE: из плюсов - можно не боятся баниша
  4155 | D:4      | Reached XP level 7. HP: 46/52 MP: 11/11
  4161 | D:4      | DEFE: тот же ока дает в разы более сильный старт
  4174 | D:4      | DEFE: и не только старт, лол
  4240 | D:4      | Killed Edmund
  4350 | D:4      | Found a burning altar of Makhleb.
  4350 | D:4      | Found a glowing silver altar of Zin.
  4413 | D:4      | Noticed an angel
  4413 | D:4      | Noticed a cacodemon
  4427 | D:4      | Found Zysk's Food Shop.
  4444 | D:4      | Reached skill level 3 in Long Blades
  4470 | D:4      | Noticed Rhoefr's ghost (amateur BaGl)
  4470 | D:4      | ololoev: da vi ofigeli!
  4941 | D:4      | Killed Rhoefr's ghost
  5291 | D:5      | Entered Level 5 of the Dungeon
  5330 | D:5      | Reached XP level 8. HP: 53/60 MP: 12/12
  5459 | D:5      | Found a runed door.
  5549 | D:5      | Reached skill level 4 in Long Blades
  5628 | D:4      | HP: 1/61 [orc/flail (3)]
  6084 | D:5      | Found a staircase to the Ecumenical Temple.
  6519 | D:5      | Reached skill level 5 in Fighting
  6675 | D:5      | Found a roughly hewn altar of Beogh.
  6732 | D:6      | Noticed esc's ghost (novice DEFE)
  6733 | D:6      | Iwannabefree: да
  6742 | D:6      | Iwannabefree: щас бинты подожгет
  6750 | D:6      | Iwannabefree: рип
  7148 | D:4      | Killed Menkaure
  7148 | D:4      | Reached skill level 5 in Long Blades
  7722 | D:6      | Found a shadowy altar of Dithmenos.
  7878 | D:6      | Killed esc's ghost
  7878 | D:6      | Reached skill level 5 in Dodging
  7878 | D:6      | Reached XP level 9. HP: 68/68 MP: 13/13
  8034 | D:6      | Found a snail-covered altar of Cheibriados.
  8391 | D:7      | Reached skill level 6 in Long Blades
  8454 | D:7      | Found a sand-covered staircase.
  8464 | Ossuary  | Entered an ossuary
  8619 | Ossuary  | Reached skill level 5 in Armour
  9859 | D:7      | Reached skill level 7 in Long Blades
  9894 | D:7      | Found a basalt altar of Yredelemnul.
  9932 | D:7      | Reached XP level 10. HP: 42/77 MP: 14/14
 11279 | D:8      | Noticed Azzok's ghost (novice HOBe)
 11652 | D:3      | Killed Azzok's ghost
 11804 | D:8      | Noticed a two-headed ogre
 11893 | D:8      | Killed a two-headed ogre
 12277 | D:8      | Noticed Prince Ribbit
 13260 | D:7      | kroki: thats annoying
 13263 | D:7      | ololoev: yep
 13263 | D:7      | ololoev: nazo zaforsit' vipil teleport self u monstrov
 13408 | D:8      | Noticed Maurice
 13446 | D:8      | Killed Maurice
 13446 | D:8      | Reached skill level 8 in Long Blades
 13678 | D:8      | Noticed Grum
 13930 | D:8      | Killed Azzok's ghost
 13934 | D:8      | Killed Grum
 14239 | D:9      | Found Sutut's Quality Used Wands.
 14278 | D:9      | Found a shadowy altar of Dithmenos.
 14616 | D:9      | Reached XP level 11. HP: 60/85 MP: 15/15
 14801 | D:9      | Got a twisted dagger
 14802 | D:9      | Identified the cursed +1 dagger "Vedwiwn" {flame, Dex+7} (You found it on level 9 of the Dungeon)
 14829 | D:9      | Found a sparkling altar of Nemelex Xobeh.
 15004 | D:9      | Found a deep blue altar of Sif Muna.
 15085 | D:9      | Found a glowing golden altar of the Shining One.
 15435 | D:9      | Found a radiant altar of Vehumet.
 15500 | D:10     | Entered Level 10 of the Dungeon
 15773 | D:10     | Noticed a queen ant
 15843 | D:10     | Reached skill level 9 in Long Blades
 15864 | D:10     | Killed a queen ant
 18201 | D:11     | Noticed a four-headed hydra
 18201 | D:11     | Noticed a tengu warrior
 18202 | D:11     | Noticed an ogre mage
 18233 | D:11     | Noticed a rakshasa
 18359 | D:11     | Reached skill level 10 in Long Blades
 18906 | D:11     | Noticed Erica
 19127 | D:11     | Killed Erica
 19278 | D:11     | Found a staircase to the Lair.
 19450 | D:11     | Reached XP level 12. HP: 66/95 MP: 16/16
 19570 | D:11     | Got a warped short sword
 19571 | D:11     | Identified the cursed +0 short sword "Neqyiruo" {pierce, rF+ rC+ Str+4 Dex+3} (You found it on level 11 of the Dungeon)
 19614 | D:11     | ReniFell: zachem
 19614 | D:11     | ReniFell: vy zaebali forsit' vipil
 19614 | D:11     | ReniFell: forsite vpil
 19614 | D:11     | ReniFell: oni sami vipilyat vse chto nado
 19614 | D:11     | ReniFell: i tak mnogo budet
 19614 | D:11     | DEFE: огненные облака могут быть над водой оказывается
 19716 | D:11     | ololoev: sozdal tred na vipil teleport self-a
 20381 | D:11     | Found a staircase to the Orcish Mines.
 20420 | D:12     | Noticed Psyche
 20435 | D:11     | Paralysed by Psyche for 2 turns
 20440 | D:11     | Killed Psyche
 21819 | D:13     | Noticed a two-headed ogre
 22164 | D:13     | Killed a two-headed ogre
 22177 | D:13     | Reached skill level 11 in Long Blades
 22552 | D:13     | Noticed a centaur warrior
 22571 | D:13     | Killed a centaur warrior
 22901 | D:13     | Found a sparkling altar of Nemelex Xobeh.
 23672 | D:14     | Noticed an ogre mage
 23672 | D:14     | Noticed a two-headed ogre
 23673 | D:14     | Noticed a two-headed ogre
 23680 | D:14     | Killed an ogre mage
 23680 | D:14     | Reached skill level 10 in Fighting
 23685 | D:14     | Killed a two-headed ogre
 23721 | D:14     | Killed a two-headed ogre
 23980 | D:14     | Noticed a centaur warrior
 23994 | D:14     | DEFE: Мауриция ремувнут тогда
 23998 | D:14     | Killed a centaur warrior
 23999 | D:14     | ololoev: davno pora, etot gad menya besit
 24024 | D:13     | Gained mutation: You are in touch with the powers of death. [Mummy growth]
 24024 | D:13     | Reached XP level 13. HP: 64/103 MP: 17/17
 25659 | D:14     | Found a gate to the Vaults.
 25705 | D:14     | Reached skill level 12 in Long Blades
 25809 | D:13     | DEFE: Банки ХВ ворует и телепортируется
 27505 | D:15     | Entered Level 15 of the Dungeon
 28602 | D:15     | Found a sacrificial altar of Ru.
 29628 | D:15     | Iwannabefree: я наоборот удивлен что мауриций еще в игре
 29643 | D:15     | Reached XP level 14. HP: 94/113 MP: 18/18
 29653 | D:15     | Iwannabefree: ФОРСИНГ ПЛЕЕР ТУ СТЕШ ВЕНДС АНД ПОУШЕНС
 29683 | D:15     | Iwannabefree: АНИНТЕРЕСТИНГ ЭНД ТИДИУС
 30014 | D:15     | Iwannabefree: я все хочу накатать пасту в стиле таверны про ремув статуи
 30014 | D:15     | Iwannabefree: но руки не дойдут
 30014 | D:15     | Iwannabefree: точнее лень
 30014 | D:15     | ololoev: statueformi?
 30095 | D:15     | Iwannabefree: да
 30097 | D:15     | ololoev: a kakaya motivaciya budet?
 30114 | D:15     | Iwannabefree: тидиус рекасты, но дравбекс, мейкс гейм ту изи
 30116 | D:15     | ololoev: ne vzletit
 30131 | D:14     | Iwannabefree: форсинг трансмутейшн плеерс ту чуз онли ит
 30196 | D:14     | Iwannabefree: и в этом духе
 30483 | D:14     | ololoev: toje ne vzletit
 30483 | D:14     | Iwannabefree: ну хуй знает
 30483 | D:14     | ololoev: prekrasno tabaetsya i v drakone
 30539 | D:14     | Iwannabefree: я же хочу вбросить говна на вентилятор, а не действительно ремувать ее
 30915 | D:15     | Iwannabefree: я думаю взлетит если хорошо оформить
 30926 | D:15     | Reached skill level 13 in Long Blades
 31183 | D:15     | Noticed a quicksilver dragon
 31184 | D:15     | a quicksilver dragon changed into a dire elephant
 31187 | D:15     | Noticed a sphinx
 31189 | D:15     | ololoev: oh kak ya zassal
 31189 | D:15     | ololoev: kogda uvidel quicksilver drakona
 31190 | D:15     | Noticed a shadow dragon
 31190 | D:15     | a sphinx changed into a shadow dragon
 31203 | D:15     | Noticed a frost giant
 31204 | D:15     | Noticed a shadow dragon
 31204 | D:15     | a frost giant changed into a shadow dragon
 31204 | D:15     | Noticed a sphinx
 31204 | D:15     | a shadow dragon changed into a sphinx
 31207 | D:15     | Noticed a quicksilver dragon
 31207 | D:15     | a sphinx changed into a quicksilver dragon
 31212 | D:15     | a quicksilver dragon changed into an iron troll
 31536 | D:15     | Noticed an iron giant
 31708 | Orc:1    | Entered Level 1 of the Orcish Mines
 32421 | Orc:2    | Entered Level 2 of the Orcish Mines
 32856 | Orc:1    | Iwannabefree: Не лезь
 32865 | Orc:1    | Iwannabefree: Лкс же поймаешь
 33683 | Lair:1   | Entered Level 1 of the Lair of Beasts
 33716 | D:11     | Bought the ring "Empesa" {+Fly rF++ rN+} for 646 gold pieces
 33719 | D:11     | Bought the ring of the Exiled Songs {+Blink Dex+5 SInv} for 831 gold pieces
 33877 | D:11     | Reached skill level 10 in Dodging
 34704 | Lair:1   | Reached skill level 10 in Armour
 34896 | Lair:2   | Found a labyrinth entrance.
 34903 | Lab      | Entered a labyrinth
 35580 | Lab      | ololoev: pedik!!!
 35580 | Lab      | ololoev: a pofig
 35580 | Lab      | ololoev: vrode nichego godnogo ne bilo
 35738 | Lab      | Identified the Disquisition on Helpful Orientation
 35746 | Lab      | Learned a level 2 spell: Repel Missiles
 35826 | Lair:2   | Identified a scroll of acquirement
 35923 | Lair:2   | Got a bloodstained hat
 35929 | Lair:2   | Identified the +0 hat "Cukkez Lit" {rF+ rC++} (You acquired it on level 2 of the Lair of Beasts)
 35970 | Lair:2   | Noticed Fannar
 35986 | Lair:2   | Killed Fannar
 38174 | Lair:4   | Found a staircase to the Shoals.
 38179 | Lair:4   | Found a frozen archway.
 38189 | IceCv    | Entered an ice cave
 38568 | IceCv    | Reached XP level 15. HP: 121/121 MP: 19/19
 38646 | IceCv    | Reached skill level 14 in Long Blades
 39346 | IceCv    | Noticed a frost giant
 39348 | IceCv    | DEFE: >triple sword
 39354 | IceCv    | DEFE: >XL 15
 39356 | IceCv    | ololoev: mne norm
 39361 | IceCv    | DEFE: of hbgjcnytim
 39362 | IceCv    | DEFE: рипост
 39362 | IceCv    | DEFE: же
 39366 | IceCv    | DEFE: ща подорвешься
 39368 | IceCv    | Killed a frost giant
 39370 | IceCv    | ololoev: rF++
 39916 | Lair:4   | Found a hole to the Spider Nest.
 40202 | Lair:4   | Identified Daomow's Reference Book on Feathery Stones
 40754 | D:11     | ololoev: sha budet bitva!!
 41428 | D:15     | Found a staircase to the Depths.
 41473 | D:15     | Noticed a quicksilver dragon
 41473 | D:15     | an alligator snapping turtle changed into a quicksilver dragon
 41474 | D:15     | a quicksilver dragon changed into an iron troll
 42856 | Lair:5   | Reached skill level 15 in Long Blades
 43370 | Lair:6   | Entered Level 6 of the Lair of Beasts
 44653 | Lair:6   | Noticed Nessos
 44659 | Lair:6   | Killed Nessos
 44691 | Lair:6   | Found a runed door.
 44691 | Lair:6   | Found a viscous altar of Jiyva.
 44694 | Lair:6   | Noticed an acid blob
 44695 | Lair:6   | Found a staircase to the Slime Pits.
 44783 | Lair:6   | Reached XP level 16. HP: 125/129 MP: 20/20
 46013 | Orc:2    | Reached skill level 16 in Long Blades
 47781 | Orc:2    | Found a staircase to the Elven Halls.
 47853 | Orc:2    | Found Iplanam's Jewellery Shoppe.
 47853 | Orc:2    | Found Weda's General Store.
 47854 | Orc:2    | Found Faud's Jewellery Boutique.
 47854 | Orc:2    | Found Nuvagasch's Assorted Antiques.
 47865 | Orc:2    | Bought a pair of runed gloves for 262 gold pieces
 47865 | Orc:2    | Bought a scroll labeled ULIOME KYZE for 25 gold pieces
 47878 | Orc:2    | ololoev: amulet vozduha
 47878 | Orc:2    | ololoev: hmmm
 47880 | Orc:2    | Bought the amulet of the Air {Inacc +Fly rElec EV+5 RMsl} for 714 gold pieces
 48153 | D:11     | Bought a scroll labeled PUDWU WYACACK for 35 gold pieces
 48153 | D:11     | Bought a scroll of enchant weapon for 262 gold pieces
 48153 | D:11     | Bought a shiny chain mail for 367 gold pieces
 48153 | D:11     | Bought a scroll of teleportation for 105 gold pieces
 48684 | Spider:1 | Entered Level 1 of the Spider Nest
 48685 | Spider:1 | kroki: did your mummy tile change itself
 48685 | Spider:1 | kroki: as you advance in xl?
 48685 | Spider:1 | ololoev: yep!
 48685 | Spider:1 | kroki: wow
 48685 | Spider:1 | ololoev: so does my orc tile
 48685 | Spider:1 | kroki: whats ur rc
 48685 | Spider:1 | ololoev: kroki where r u from?
 48685 | Spider:1 | ololoev: contry I mean
 48687 | Spider:1 | kroki: poland
 48695 | Spider:1 | ololoev: heh
 48695 | Spider:1 | kroki: was asking about ur .rc file
 48695 | Spider:1 | ololoev: crawl.xtahua.com/crawl/rcfiles/crawl-git/ololoev.rc
 48695 | Spider:1 | ololoev: here!
 48717 | Spider:1 | ReniFell: cxc consists mostly of russians and polish guys tbh
 48727 | Spider:1 | kroki: i play on here because the latency is the lowest
 48730 | Spider:1 | Reached skill level 17 in Long Blades
 48740 | Spider:1 | kroki: and i like to play fast
 51488 | Spider:2 | Noticed Arachne
 51509 | Spider:2 | Killed Arachne
 51990 | Spider:2 | Upgraded the game from 0.20-a0-548-g4f8a798 to 0.20-a0-550-gf70bbbc
 52359 | Spider:2 | Reached skill level 18 in Long Blades
 52629 | Spider:2 | Reached XP level 17. HP: 121/135 MP: 21/21
 54746 | Spider:3 | HP: 3/135 [redback (7)]
 54746 | Spider:3 | Slain by a redback

Dungeon Overview and Level Annotations

Branches:
Dungeon (15/15)            Temple (0/1) D:5            Lair (6/6) D:11
 Shoals (0/4) Lair:4       Spider (3/4) Lair:4        Slime (0/5) Lair:6
    Orc (2/2) D:11            Elf (0/3) Orc:2        Vaults (0/5) D:14
 Depths (0/5) D:15

Altars:
Ashenzari
Cheibriados
Dithmenos
Gozag
Kikubaaqudgha
Makhleb
Nemelex Xobeh
Ru
Sif Muna
Vehumet
Yredelemnul
Zin
The Shining One
Beogh
Jiyva

Shops:
D:4 %   D:9 }   D:11 *(==   Orc:2 **==

Annotations:
D:7 Prince Ribbit
Lair:6 1 runed door, exclusion: oklob plant


Message History

You now have 795 gold pieces (gained 8).
You now have 799 gold pieces (gained 4).
You now have 807 gold pieces (gained 8).
You now have 815 gold pieces (gained 8).
A jumping spider, 2 redbacks and an entropy weaver come into view.
The entropy weaver twitches its antennae in your direction.
The jumping spider hisses angrily.
The jumping spider moves out of view.
The entropy weaver casts a spell.
The entropic weave corrodes you!
There are monsters nearby!
There are monsters nearby!
There are monsters nearby!
There are monsters nearby!
The entropy weaver gestures wildly while chanting.
The entropic weave corrodes you!
You start waiting.
You hit the entropy weaver but do no damage.
You drain the entropy weaver!
The entropy weaver is lightly wounded.
The entropy weaver hits you but does no damage.
The entropy weaver hits you. The entropy weaver hits you!
The entropy weaver closely misses you.
You hit the entropy weaver but do no damage.
You drain the entropy weaver!
The entropy weaver is lightly wounded.
The entropy weaver completely misses you. x2
The entropy weaver hits you but does no damage.
The entropy weaver completely misses you.
You slash the entropy weaver!
The entropy weaver is moderately wounded.
The redback barely misses you.
The entropy weaver hits you but does no damage. x4
Unknown command.
You barely miss the entropy weaver.
The entropy weaver is moderately wounded.
The jumping spider leaps!
The entropy weaver hits you but does no damage. x2
The entropy weaver hits you!
The entropy weaver completely misses you.
The jumping spider leaps!
The redback completely misses you.
The redback bites you but does no damage.
You closely miss the entropy weaver.
The entropy weaver is moderately wounded.
The entropy weaver gestures wildly while chanting.
The entropic weave corrodes you!
The redback bites you but does no damage.
The redback bites you! The entropy weaver hits you!
The entropy weaver hits you. The entropy weaver barely misses you.
The entropy weaver misses you.
You slash the entropy weaver! You drain the entropy weaver!
The entropy weaver is heavily wounded.
The jumping spider leaps!
The redback closely misses you. The redback misses you.
The entropy weaver completely misses you. x2
The entropy weaver misses you. The entropy weaver hits you.
The redback bites you!
The redback bites you but does no damage.
You slash the entropy weaver! You drain the entropy weaver!
The entropy weaver is almost dead.
The redback bites you! The redback bites you. The entropy weaver hits you.
The entropy weaver barely misses you. The entropy weaver hits you. x2
Unknown command.
You miss the entropy weaver.
The entropy weaver is almost dead.
The jumping spider pounces on you!
You are caught in a web!
The jumping spider barely misses you.
The redback bites you but does no damage.
The redback bites you.
The entropy weaver casts a spell.
The entropic weave corrodes you! The jumping spider barely misses you.
The jumping spider completely misses you.
The redback bites you! x2
You struggle to detach yourself from the web.
The entropy weaver hits you but does no damage. x2
The entropy weaver misses you. The entropy weaver closely misses you.
The jumping spider pounces on you! The jumping spider bites you.
The redback bites you! The redback bites you.
You die...
Your body crumbles into a pile of gold.

You could see an entropy weaver, a jumping spider and 2 redbacks.

Vanquished Creatures
  A frost giant (IceCv)
  An orc warlord (Orc:2)
  A ghost moth (Spider:3)
  3 emperor scorpions
  An entropy weaver (Spider:3)
  Nessos (Lair:6)
  A minotaur (Lab)
  An ettin (shapeshifter) (D:15)
  Fannar (Lair:2)
  A rakshasa (D:11)
  8 vault guards
  3 centaur warriors
  5 hydras
  Erica (D:11)
  23 two-headed ogres
  The ghost of Azzok the Cleaver, a novice HOBe of Trog (D:8)
  A queen ant (D:10)
  8 death yaks
  6 ogre magi
  A merfolk avatar (Lair:6)
  2 tengu warriors
  2 unseen horrors
  3 sea snakes (Lair:6)
  A glowing orange brain (D:15)
  A harpy (shapeshifter) (D:13)
  An orc knight (D:15)
  14 orb spiders
  A deep elf mage (D:13)
  3 orc sorcerers
  18 wolf spiders
  7 cyclopes
  3 manticores
  4 elephants (Lair:6)
  The ghost of esc the Magician, a novice DEFE of Vehumet (D:6)
  10 ugly things
  Maurice (D:8)
  A black mamba (shapeshifter) (D:15)
  A torpor snail (Lair:6)
  An ice statue (IceCv)
  2 black mambas
  7 centaur skeletons
  A kobold demonologist (D:15)
  Psyche (D:11)
  4 gargoyles
  15 spiny frogs
  19 komodo dragons
  5 demonic crawlers
  4 rime drakes
  5 trolls
  19 jumping spiders
  3 tengu conjurers
  3 meliai (D:15)
  A polar bear (shapeshifter) (D:15)
  21 polar bears
  5 hornets
  A wind drake (Lair:6)
  15 slime creatures
  11 hippogriffs
  19 blink frogs (Lair:5)
  2 spriggans
  An air elemental (Orc:2)
  Grum (D:8)
  7 wraiths
  59 redbacks
  20 tarantellas
  8 wyverns
  2 shadows
  A vampire (D:11)
  The ghost of Azzok the Chopper, an amateur MiBe of Trog (D:3)
  51 yaks
  A basilisk (Lair:5)
  A steam dragon (D:7)
  3 hungry ghosts
  The ghost of Rhoefr the Slasher, an amateur BaGl of Okawaru (D:4)
  Menkaure (D:4)
  4 vampire mosquitoes
  19 soldier ants
  Edmund (D:4)
  3 wargs
  An acid dragon (D:11)
  2 hell hounds (D:11)
  15 water moccasins
  A floating eye (shapeshifter) (D:14)
  10 porcupines
  2 hornet zombies
  23 orc warriors
  4 ice beasts
  4 black bears
  3 eyes of draining
  2 phantoms
  8 sky beasts
  34 ogres
  A necrophage (D:11)
  15 crocodiles
  18 centaurs
  29 wolves
  19 bullfrogs
  14 scorpions
  10 killer bees
  3 wights (D:9)
  2 electric eels
  2 howler monkeys
  10 crimson imps
  2 human zombies (Ossuary)
  4 bullfrog zombies
  3 centaur zombies
  6 jellies
  31 orc priests
  Crazy Yiuf (D:4)
  A hound (D:5)
  A gnoll shaman (D:4)
  41 orc wizards
  Jessica (D:3)
  4 iguanas
  36 worker ants
  A killer bee zombie (D:6)
  2 big kobold zombies (Ossuary)
  A hound zombie (D:5)
  3 mummies (Ossuary)
  2 worker ant zombies
  7 gnolls
  11 adders
  2 scorpion zombies (Ossuary)
  7 shadow imps
  A white imp (D:4)
  3 oozes
  2 worms
  4 dart slugs
  10 leopard geckos
  140 orcs
  2 giant cockroaches
  2 gnoll zombies (Ossuary)
  13 goblins
  7 hobgoblins
  13 jackals
  4 quokkas
  4 ball pythons
  8 bats
  7 frilled lizards
  3 goblin zombies
  A hobgoblin zombie (Ossuary)
  A jackal skeleton (D:4)
  A jackal zombie (D:6)
  12 kobolds
  3 kobold skeletons (D:4)
  4 kobold zombies (Ossuary)
  2 leopard gecko skeletons
  2 orc skeletons (D:4)
  4 orc zombies
  12 rats
  A plant (Lair:5)
1157 creatures vanquished.

Vanquished Creatures (collateral kills)
  Arachne (Spider:2)
  2 soldier ants (D:10)
3 creatures vanquished.

Vanquished Creatures (others)
  A jumping spider (Spider:1)
  An orc priest (Orc:2)
  11 fungi
  23 plants
36 creatures vanquished.

Grand Total: 1196 creatures vanquished

Action                   |  1- 3 |  4- 6 |  7- 9 | 10-12 | 13-15 | 16-18 || total
-------------------------+-------+-------+-------+-------+-------+-------++-------
Melee: Dagger            |   145 |    84 |       |       |       |       ||   229
       Quarterstaff      |       |   108 |   302 |       |       |       ||   410
       Falchion          |       |       |   318 |  1155 |       |       ||  1473
       Scimitar          |       |       |       |   239 |    69 |     4 ||   312
       Great sword       |       |       |       |   184 |   931 |       ||  1115
       Triple sword      |       |       |       |       |   621 |   815 ||  1436
Throw: Throwing net      |       |       |     2 |       |       |       ||     2
 Cast: Flame Tongue      |     6 |       |       |       |       |       ||     6
Invok: Potion Petition   |       |     1 |     2 |     3 |     3 |     3 ||    12
       Call Merchant     |       |       |       |       |     3 |     1 ||     4
Evoke: Wand              |       |       |    14 |    38 |    36 |     2 ||    90
       Lamp of fire      |       |       |       |       |     4 |     1 ||     5
       Box of beasts     |       |       |       |       |     2 |     3 ||     5
       Phantom mirror    |       |       |       |       |       |     1 ||     1
  Use: Scroll            |       |       |    14 |    11 |    18 |     4 ||    47
 Stab: Distracted        |       |     1 |     1 |     9 |     4 |     6 ||    21
       Confused          |       |       |     2 |    14 |     7 |       ||    23
       Paralysed         |       |       |     2 |       |       |       ||     2
       Invisible         |       |       |       |     1 |       |       ||     1
Armor: Robe              |     3 |       |       |       |       |       ||     3
       Chain mail        |    66 |   117 |   365 |    32 |   199 |   488 ||  1267
       Plate armour      |       |       |       |   836 |   872 |       ||  1708
Dodge: Dodged            |    46 |    49 |   234 |   463 |   793 |   969 ||  2554
       Deflected         |       |       |       |       |       |     1 ||     1
       Rpst.: Falchion   |       |       |    38 |    92 |       |       ||   130
       Scimitar          |       |       |       |    23 |     6 |       ||    29
       Great sword       |       |       |       |    20 |    94 |       ||   114
       Triple sword      |       |       |       |       |   109 |   203 ||   312

Vault maps used:
D:1:      lemuel_arrival_room, wad_floor_pattern_1
D:2:      evilmike_ruin_ashenzari, kiku_gazebo_pond_becter, serial_bayou,
          serial_bayou_pond_b, serial_bayou_lagoon_b, serial_bayou_lake_a,
          serial_bayou_pond_e
D:3:      grunt_gozag_statues, kennysheep_jessica_study
D:4:      grunt_temple_overflow_order_and_chaos_2, serial_shops, shop,
          nicolae_tso_besieged_by_evil, uniq_menkaure, uniq_edmund,
          uniq_crazy_yiuf_cottage
D:5:      minmay_temple_entry_metal_lava, first_bread, lightli_church_of_beogh
D:6:      kennysheep_mini_moat, kennysheep_slug_shrine
D:7:      lemuel_crystal_altar, lightli_ossuary_entry_decrepit_ruins,
          the_bakery, roderic_bali_sauvastika, hangedman_abyss_or_decor_passed
D:8:      uniq_maurice, uniq_prince_ribbit1, uniq_grum
D:9:      overflow_temple_1_default, overflow_temple_1_default,
          lemuel_crystal_altar, kennysheep_little_box, basic_altar,
          nicolae_for_you_no_charge
D:10:     serial_glass, glass_columns_c, glass_columns_c, minivault_29
D:11:     minmay_lair_entry_lava, erik_orc_2, minivault_12, uniq_erica
D:12:     uniq_psyche
D:13:     spider_trap, nemelex_diamond_rough_becter
D:14:     erik_vaults_2, hex_tiny
D:15:     gammafunk_enter_depths_forms, nicolae_ru_the_path_less_chosen
Lair:1:   beast_lair_carwin_4
Lair:2:   lab_entry_generic, grunt_megastairs_4, uniq_fannar
Lair:4:   elwin_shoals_entry_rocks, nicolae_spider_entry_tight_spaces,
          portal_ice_cave_entry_pillars_1, grunt_forest_stairs_clearing
Lair:5:   serial_bayou_shore_a, grunt_megastairs_1
Lair:6:   gammafunk_lair_ancient_temple, slime_altar_2, columned_hall_lemuel,
          uniq_nessos
Spider:1: nicolae_spider_nook
Spider:2: uniq_arachne
Orc:2:    st_orc_ogre_mass, uniq_josephine
Lab:      labyrinth_watery
Ossuary:  ossuary_minmay_scorpions
IceCv:    ice_cave_caverns_01
